AoeStats
← vehera95

Arabia

508057744Analyzed
2v2 RM · 11d ago on Sep 20, 2026· 63m 49s· 4 players
Game mode
Random Map
Map size
Medium (4 player)
Population
200
Speed
Normal
Resources
Standard
Victory
Conquest
Starting age
Dark Age
Ending age
Imperial Age
RankedLock teamsTeams togetherTeam positionsShared explorationLock speedFull tech treeHidden civsTurbo modeCheats
Victory
Defeat
🇪🇸 Romans · Spain
1054
+15
🇺🇸 Georgians · United States
1044
+15
🇫🇷 Turks · France
1058
-16
🇨🇱 Mapuche · Chile
1004
-14
connlind
2:44 Loom
10:05 Feudal Age
14:37 Castle Age
15:54 Double-Bit Axe
18:38 Horse Collar
23:52 Scale Barding Armor
24:27 Forging
24:28 Fletching
25:11 Bloodlines
25:16 Husbandry
27:11 Wheelbarrow
26:21 Town Watch
27:18 Town Patrol
27:41 Chain Barding Armor
28:29 Iron Casting
28:28 Bodkin Arrow
31:42 Gold Mining
31:43 Stone Mining
39:53 Bow Saw
39:47 Heavy Plow
40:32 Hand Cart
45:08 Imperial Age
43:42 Stone Shaft Mining
46:18 Masonry
46:54 Crop Rotation
47:02 Plate Barding Armor
47:28 Blast Furnace
46:05 Cavalier
46:09 Light Cavalry
47:48 Architecture
47:25 Siege Engineers
48:57 Bracer
50:13 Hoardings
50:00 Conscription
49:20 Hussar
55:47 Scale Mail Armor
55:27 Man-at-Arms
55:52 Gambesons
56:10 Squires
zualoi
8:00 Loom
12:33 Feudal Age
13:09 Double-Bit Axe
12:46 Man-at-Arms
13:30 Horse Collar
15:32 Scale Mail Armor
18:31 Wheelbarrow
22:17 Castle Age
22:24 Gold Mining
22:59 Forging
23:09 Squires
24:03 Bow Saw
25:30 Fletching
26:45 Chain Mail Armor
26:25 Elite Skirmisher
27:57 Padded Archer Armor
28:06 Long Swordsman
32:24 Iron Casting
33:51 Town Watch
34:27 Bodkin Arrow
42:05 Imperial Age
40:11 Leather Archer Armor
40:06 Scale Barding Armor
40:07 Pikeman
41:27 Town Patrol
42:58 Chain Barding Armor
46:00 Capped Ram
46:35 Legionary
49:56 Ballistics
52:21 Masonry
59:09 Hand Cart
62:56 Heavy Plow
vehera95
10:30 Loom
13:05 Feudal Age
13:45 Horse Collar
13:53 Double-Bit Axe
17:09 Bloodlines
17:23 Fletching
21:38 Stone Mining
22:44 Wheelbarrow
27:19 Castle Age
25:42 Gold Mining
27:03 Forging
26:59 Scale Barding Armor
29:24 Bow Saw
30:15 Iron Casting
29:35 Bodkin Arrow
30:55 Bodkin Arrow
33:13 Ballistics
33:34 Hand Cart
34:15 Treadmill Crane
38:47 Imperial Age
40:53 Bracer
40:55 Padded Archer Armor
41:25 Husbandry
43:07 Sipahi
43:26 Parthian Tactics
44:25 Conscription
45:07 Murder Holes
46:26 Thumb Ring
47:48 Gold Shaft Mining
48:20 Masonry
49:25 Hoardings
49:42 Heavy Plow
52:31 Leather Archer Armor
53:17 Blast Furnace
52:37 Chain Barding Armor
53:00 Artillery
52:35 Heavy Cavalry Archer
56:15 Ring Archer Armor
albert130893
0:33 Loom
10:16 Feudal Age
11:05 Double-Bit Axe
17:15 Castle Age
17:02 Gold Mining
18:32 Bow Saw
18:35 Fletching
22:05 Horse Collar
25:52 Bodkin Arrow
26:49 Town Watch
27:40 Wheelbarrow
29:34 Gold Shaft Mining
29:02 Stone Mining
39:22 Padded Archer Armor
41:18 Scale Mail Armor
40:44 Pikeman
45:18 Imperial Age
43:34 Chain Mail Armor
44:07 Murder Holes
44:34 Ballistics
46:45 Masonry
49:38 Architecture
49:35 Treadmill Crane
Connection lost

Rejoining the realm…

Still unreachable

The connection could not be restored.

Session expired

The server has moved on; the page needs a fresh start.